 Dungeon Crawl Stone Soup version 0.30-a0-778-g2ef04afb54 (webtiles) character file.

Game seed: 4212127927248426346

199 Iich the Chopper (level 5, -5/48 HPs)
             Began as a Hill Orc Fighter on Feb 15, 2023.
             Slain by an ogre
             ... wielding a +0 giant club
              (31 damage)
             ... on level 4 of the Dungeon.
             The game lasted 00:04:29 (2681 turns).

Iich the Chopper (Hill Orc Fighter)                 Turns: 2681, Time: 00:04:29

Health: -5/48      AC:  6    Str: 19    XL:     5   Next: 77%
Magic:  5/5        EV:  9    Int:  8    God:
Gold:   164        SH:  4    Dex: 12    Spells: 4/4 levels left

rFire   . . .      SeeInvis .    a - +0 war axe
rCold   . . .      Faith    .    c - +0 buckler
rNeg    . . .      Spirit   .    b - +0 scale mail
rPois   .          Reflect  .    (no helmet)
rElec   .          Harm     .    (no cloak)
rCorr   .          Rampage  .    (no gloves)
Will    .....                    (no boots) Stlth
                                 (no amulet)
HPRegen 0.28/turn                (no ring)
MPRegen 0.09/turn                (no ring)

@: no status effects
A: no striking features
a: no special abilities


You were on level 4 of the Dungeon.
You visited 1 branch of the dungeon, and saw 4 of its levels.

You collected 164 gold pieces.

Inventory:

Hand Weapons
 a - a +0 war axe (weapon)
Armour
 b - a +0 scale mail (worn)
 c - a +0 buckler (worn)
Jewellery
 g - a +6 ring of intelligence
Scrolls
 e - 2 scrolls of teleportation
 h - a scroll of enchant armour
 n - a scroll of vulnerability
 o - a scroll of noise
Potions
 d - 2 potions of might
 i - 2 potions of curing
 j - a potion of mutation {unknown}
 k - a potion of heal wounds {unknown}
 l - a potion of berserk rage {unknown}
 m - a potion of ambrosia {unknown}


   Skills:
 + Level 5.2 Fighting
 * Level 6.5 Axes
 - Level 3.2 Armour
 - Level 3.2 Shields


You had 4 spell levels left.
You didn't know any spells.
Your spell library was empty.

Dungeon Overview and Level Annotations

Branches:
Dungeon (4/15)             Temple (0/1) D:4

Altars:

Shops:
D:3 [   D:4 [=


Message History

No target in view!
No target in view!
The adder bites you but does no damage.
You miss the adder. The adder bites you but does no damage.
The adder bites you.
You closely miss the adder. The adder bites you.
You are poisoned.
The adder poisons you! The adder bites you.
You barely miss the adder.
You feel sick. The adder bites you but does no damage.
You closely miss the adder.
You feel sick. The adder bites you but does no damage.
The adder barely misses you.
You slash the adder!
You kill the adder!
You feel sick.
No target in view!
You feel sick.
You feel sick.
You are no longer poisoned.
There is an entrance to Muil's Jewellery Emporium here.
You can access your shopping list by pressing '$'.
Found a stone.
An ogre comes into view. It is wielding a +0 giant club.
An ogre is nearby!
Found a scroll of identify.
Found a staircase to the Ecumenical Temple.
The ogre shouts!
You hear a shout!
A goblin comes into view. It is wielding a +0 dagger.
You see here a stone.
An adder comes into view.
The adder hisses angrily.
You slash the ogre!
The ogre is heavily wounded.
You block the ogre's attack.
You hit the ogre but do no damage.
The ogre is heavily wounded.
The ogre hits you with a +0 giant club!!
The ogre hits you with a +0 giant club!!
Ouch! That really hurt!
You die...

... #.#
#.#......# #.#
#.# #.#......# #
#.# #.##+##+## #
#.# #.##
###.###.# ..
........# .#
###.###.###.##.##
#.(#.......
##.@S......
#.#O.⌠...⌠
#.#.......
#..g...>..
#.#.......
#.#..⌠...⌠
#.........
###.......


You could see an ogre, an adder and a goblin.

Vanquished Creatures
  An orc priest (D:3)
  A jelly (D:4)
  5 adders
  A white imp (D:4)
  A worm (D:3)
  A dart slug (D:1)
  4 orcs (D:3)
  4 bats
  7 endoplasms
  4 giant cockroaches
  10 goblins
  10 hobgoblins
  2 jackals (D:3)
  A quokka (D:1)
  6 ball pythons
  5 frilled lizards
  6 kobolds
  5 rats
74 creatures vanquished.

Notes
Turn   | Place    | Note
-------+----------+-------------------------------------------
     0 | D:1      | Iich the Hill Orc Fighter began the quest for the Orb.
     0 | D:1      | Reached XP level 1. HP: 19/19 MP: 1/1
   154 | D:1      | Reached skill level 3 in Axes
   200 | D:1      | Reached XP level 2. HP: 27/27 MP: 2/2
   846 | D:2      | Reached skill level 4 in Axes
   869 | D:2      | Reached XP level 3. HP: 33/33 MP: 3/3
  1540 | D:3      | Reached XP level 4. HP: 33/41 MP: 4/4
  1628 | D:3      | Reached skill level 5 in Axes
  1679 | D:3      | Found Jemevagg's Antique Armour Boutique.
  1719 | D:3      | Reached XP level 5. HP: 33/46 MP: 5/5
  2172 | D:3      | Reached skill level 6 in Axes
  2315 | D:4      | Found Ybesk's Antique Armour Shoppe.
  2407 | D:4      | Reached skill level 5 in Fighting
  2607 | D:4      | Found Muil's Jewellery Emporium.
  2674 | D:4      | Noticed an ogre
  2675 | D:4      | Found a staircase to the Ecumenical Temple.
  2681 | D:4      | Slain by an ogre

Illustrated notes

Levels and vault maps discovered:
D:1:      lordsloth_arrival_two_stooges, layout_basic
D:2:      layout_basic, patterned_corridor
D:3:      layout_rooms, serial_shops, shop, minmay_goblin_outpost
D:4:      layout_basic, minmay_temple_entry_large_hall, serial_shops, shop,
          nicolae_diamond_shop, shop, kennysheep_mini_moat, minmay_ruptured

Skill      XL: |  1  2  3  4  5 |
---------------+----------------+-----
Axes           | 3 4 5 6 |  6.5
Fighting       | 4 5 |  5.2
Armour         | |  3.2
Shields        | |  3.2

Action                     |  1- 3 |  4- 6 || total
---------------------------+-------+-------++-------
  Melee: War axe           |    93 |   127 ||   220
    Use: Scroll            |     3 |     3 ||     6
 Armour: Scale mail        |    40 |    57 ||    97
  Dodge: Dodged            |    48 |    68 ||   116
  Block: Buckler           |    24 |    23 ||    47

Table legend: (Time is in decaauts)
 A = Elapsed time spent in this place.
 B = Non-inter-level travel time spent in this place.
 C = Inter-level travel time spent in this place.
 D = Time resting spent in this place.
 E = Time spent auto-exploring this place.
 F = Levels seen in this place.
 G = Mean time per level.
                   A        B        C        D        E       F      G
               +--------+--------+--------+--------+--------+-----+--------+
         Total |   2743 |   2668 |     75 |      0 |   2118 |   4 |  685.8 |
       Dungeon |   2743 |   2668 |     75 |      0 |   2118 |   4 |  685.8 |
               +--------+--------+--------+--------+--------+-----+--------+

Top non-repeatable levels by time:
     D:1: 828 daAuts
     D:3: 758 daAuts
     D:2: 723 daAuts
     D:4: 432 daAuts
